 Dungeon Crawl Stone Soup version 0.20-a0-947-g2784f4f (webtiles) character file.

7910 dvd the Grappler (level 11, -5/98 HPs)
             Began as a Troll Fighter on Apr 2, 2017.
             Was an Elder of Wu Jian.
             Slain by a vampire (12 damage)
             ... while paralysed by a floating eye
             ... on level 10 of the Dungeon.
             The game lasted 00:34:40 (8551 turns).

dvd the Grappler (Troll Fighter)                    Turns: 8551, Time: 00:34:41

Health: -5/98      AC:  9    Str: 26 (27) XL:     11   Next: 3%
Magic:  10/10      EV:  1    Int:  2 (4)  God:    Wu Jian [****..]
Gold:   485        SH:  0    Dex:  8 (11) Spells: 10/10 levels left

rFire    . . .     SeeInvis +     - Unarmed
rCold    . . .     Gourm    +   b - +0 shield
rNeg     . . .     Faith    .   M - +0 troll leather armour
rPois    .         Spirit   .   u - +2 hat
rElec    +         Reflect  .   (no cloak)
rCorr    .         Harm     .   (gloves unavailable)
MR       .....                  (boots unavailable)
Stlth    +.........             (no amulet)
Regen    1.1/turn               i - ring of see invisible
MPRegen  0.2/turn               G - ring of Shaolin {EV+8}

@: paralysed, very slightly contaminated, hasted
A: unfitting armour, claws 3, hooves 1, horns 1, repulsion field 1, blurry
vision 1, fast metabolism 3, gourmand, regeneration 1, shaggy fur 1, electricity
resistance, tough skin 2
a: Serpent's Lash, Renounce Religion


You were on level 10 of the Dungeon.
You worshipped Wu Jian.
Wu Jian was greatly pleased with you.
You were completely stuffed.

You visited 2 branches of the dungeon, and saw 11 of its levels.
You also visited: Bailey.

You collected 485 gold pieces.

Inventory:

Hand Weapons
 p - a +2 hunting sling of freezing
 y - a +0 hand axe of electrocution
Missiles
 m - 256 stones
 A - 32 sling bullets
 B - 7 tomahawks
 P - a throwing net (quivered)
Armour
 a - a +0 robe
 b - a +0 shield (worn)
 u - a +2 hat (worn)
 M - a +0 troll leather armour (worn)
Jewellery
 i - a ring of see invisible (left claw)
 o - an uncursed ring of wizardry
 F - a +2 ring of dexterity
 G - the ring of Shaolin (right claw) {EV+8}
   (You found it on level 5 of the Dungeon)

   [ring of evasion]

   It affects your evasion (+8).
Wands
 c - a wand of disintegration (5/24)
 l - a wand of confusion (48/48)
 K - a wand of random effects (44/48)
 N - a wand of confusion (30/48)
 R - a wand of lightning (11/15)
Scrolls
 f - 4 scrolls of remove curse
 h - 2 scrolls of enchant weapon
 k - 14 scrolls of identify
 s - 5 scrolls of recharging
 z - a scroll of enchant armour
 Q - 2 scrolls of amnesia
Potions
 e - 2 potions of agility {unknown}
 g - 3 potions of mutation {unknown}
 j - 2 potions of invisibility {unknown}
 q - 2 potions of degeneration
 v - a potion of flight {unknown}
 w - 2 potions of haste
 C - a potion of lignification {unknown}
 D - a potion of cancellation {unknown}
 E - a potion of resistance {unknown}
 H - a potion of curing {unknown}
 I - a potion of heal wounds
Books
 x - a book of Maledictions

   Spells                             Type                      Level
   a - Corona                         Hexes                        1
   b - Ensorcelled Hibernation        Hexes/Ice                    2
   c - Confuse                        Hexes                        3
   d - Tukima's Dance                 Hexes                        3
   e - Dazzling Spray                 Conjuration/Hexes            3
 L - a book of Battle

   Spells                             Type                      Level
   a - Infusion                       Charms                       1
   b - Shroud of Golubria             Charms/Translocation         2
   c - Song of Slaying                Charms                       2
   d - Spectral Weapon                Hexes/Charms                 3
   e - Regeneration                   Charms/Necromancy            3
Comestibles
 d - 6 bread rations
 n - 3 fruits
 r - 2 royal jellies
 t - 6 meat rations
 O - 2 chunks of flesh


   Skills:
 + Level 3.8 Fighting
 + Level 0.2(2.7) Slings
 + Level 6.0 Throwing
 + Level 1.0 Armour
 + Level 6.3 Dodging
 + Level 2.3 Stealth
 + Level 6.0 Shields
 + Level 11.0 Unarmed Combat


You had 10 spell levels left.
You didn't know any spells.

Dungeon Overview and Level Annotations

Branches:
Dungeon (10/15)            Temple (1/1) D:6            Lair (0/6) D:8
    Orc: D:9-12

Altars:
Ashenzari
Cheibriados
Dithmenos
Elyvilon
Fedhas
Gozag
Hepliaklqana
Kikubaaqudgha
Makhleb
Nemelex Xobeh
Okawaru
Qazlal
Ru
Sif Muna
Trog
Uskayaw
Vehumet
Wu Jian
Xom
Yredelemnul
Zin
The Shining One

Shops:
D:6 ?   D:7 =


Innate Abilities, Weirdness & Mutations

You are too large for most types of armour.
You have claws for hands.
Your metabolism is lightning-fast.
You like to eat raw meat.
Your natural rate of healing is unusually fast.
You are covered in fur. (AC +1)
You have very tough skin. (AC +2)
You have large cloven feet.
You have a pair of small horns on your head.
You are surrounded by a mild repulsion field. (EV +2)
Scrolls take you a little longer to read.
You are resistant to electric shocks. (rElec)


Message History

The howler monkey hits you but does no damage.
You feel less confused.
The bullfrog hits you but does no damage.
The troll bites you. The troll claws you! The troll claws you.
The vampire hits you but does no damage.
The vampire bites you.
* * * LOW HITPOINT WARNING * * *
The vampire draws strength from your injuries!
The howler monkey hoots and howls with incredible vigour!
The bullfrog hits you.
* * * LOW HITPOINT WARNING * * *
You hear a howl!
The troll bites you!
* * * LOW HITPOINT WARNING * * *
The troll claws you but does no damage. x2
The howler monkey hits you but does no damage.
The bullfrog hits you.
* * * LOW HITPOINT WARNING * * *
The vampire hits you!
You die...

....... ...#......#
#...........## #
##............####..# .#
##.....(.......... ..# .#
##...............# #..##(#
#.........)...H..##[...#.#
#.##..........F....#...##.#.#
...(.........oT@<....####.#.###.
#.# #.........VhG....##.........
##.# #.###.#.###F####......<....#
...###.###.÷.# #O####....÷......#
#...#..##....###oh...............
.%...........##....####.####..###
.........#.......#.# #.# .....
.....###.#...#..##... #.# ###..
...#.###.#...#.## ##..#.# #.


You could see a hippogriff, a troll, a vampire (invisible), an ogre, 2
bullfrogs, 2 howler monkeys, a floating eye and 2 orcs.

Vanquished Creatures
  An unseen horror (D:10)
  Joseph (D:8)
  Prince Ribbit (D:5)
  3 trolls
  Grinder (D:5)
  A hippogriff (D:8)
  A vampire (D:7)
  A wyvern (D:9)
  Grum (D:8)
  2 hungry ghosts (D:9)
  Menkaure (D:5)
  A water moccasin (D:9)
  3 orc warriors (D:8)
  2 sky beasts
  3 ice beasts
  2 phantoms
  6 ogres
  2 wolves (D:8)
  A centaur (D:7)
  A big kobold (D:9)
  4 bullfrogs (D:10)
  2 gnoll sergeants (Bailey)
  6 scorpions
  A killer bee (D:10)
  4 wights (D:8)
  An electric eel (D:8)
  4 howler monkeys
  4 crimson imps
  A quasit (D:4)
  2 bullfrog skeletons
  5 bullfrog zombies
  A jelly (D:3)
  7 orc priests
  8 hounds
  18 orc wizards
  4 iguanas
  2 gnoll shamans (Bailey)
  7 worker ants
  2 hound skeletons
  A howler monkey zombie (D:9)
  A worker ant zombie (D:8)
  15 gnolls
  10 adders
  An adder skeleton (D:4)
  4 worms
  2 dart slugs
  5 leopard geckos
  52 orcs
  6 giant cockroaches
  2 gnoll zombies (D:3)
  11 hobgoblins
  15 jackals
  13 kobolds
  3 quokkas
  A ball python (D:1)
  9 bats
  4 frilled lizards
  10 goblins
  2 jackal skeletons (D:4)
  3 leopard gecko skeletons
  A leopard gecko zombie (D:5)
  A quokka skeleton (D:10)
  A rat (D:3)
291 creatures vanquished.

Notes
Turn   | Place    | Note
-------+----------+-------------------------------------------
     0 | D:1      | dvd the Troll Fighter began the quest for the Orb.
     0 | D:1      | Reached XP level 1. HP: 22/22 MP: 0/0
   282 | D:1      | Reached XP level 2. HP: 27/29 MP: 1/1
   658 | D:2      | Found a white marble altar of Elyvilon.
   745 | D:2      | Reached XP level 3. HP: 34/36 MP: 2/2
   810 | D:2      | Found a burning altar of Makhleb.
   832 | D:2      | Found a shattered altar of Ashenzari.
   895 | D:2      | Found a stormy altar of Qazlal.
  1103 | D:2      | Found a glowing golden altar of the Shining One.
  1283 | D:2      | Reached XP level 4. HP: 44/44 MP: 3/3
  1376 | D:3      | Reached skill level 3 in Unarmed Combat
  1478 | D:3      | Reached XP level 5. HP: 50/50 MP: 4/4
  1909 | D:3      | Found a basalt altar of Yredelemnul.
  2213 | D:4      | Noticed a phantom
  2285 | D:3      | Reached skill level 1 in Throwing
  2301 | D:4      | Noticed an ogre
  2311 | D:4      | Killed an ogre
  2311 | D:4      | Reached skill level 4 in Unarmed Combat
  2311 | D:4      | Reached XP level 6. HP: 58/59 MP: 5/5
  2486 | D:4      | Found an ancient bone altar of Kikubaaqudgha.
  2754 | D:4      | Reached skill level 5 in Unarmed Combat
  2760 | D:4      | Reached XP level 7. HP: 64/66 MP: 6/6
  2932 | D:5      | Entered Level 5 of the Dungeon
  3012 | D:5      | Noticed Menkaure
  3016 | D:5      | Killed Menkaure
  3127 | D:5      | Reached skill level 6 in Unarmed Combat
  3185 | D:5      | Noticed Prince Ribbit
  3400 | D:5      | Noticed Grinder
  3400 | D:5      | Paralysed by Grinder for 2 turns
  3418 | D:5      | Paralysed by Grinder for 5 turns
  3427 | D:5      | Killed Grinder
  3427 | D:5      | Reached XP level 8. HP: 58/75 MP: 7/7
  3670 | D:5      | Killed Prince Ribbit
  3945 | D:5      | Reached skill level 7 in Unarmed Combat
  3988 | D:5      | Reached skill level 5 in Throwing
  4372 | D:6      | Found Pepnistrant's Magic Scroll Emporium.
  4398 | D:6      | Reached skill level 1 in Stealth
  4410 | D:6      | Found a staircase to the Ecumenical Temple.
  4416 | Temple   | Entered the Ecumenical Temple
  4613 | Temple   | Became a worshipper of the Wu Jian Council
  4710 | D:6      | Found a hide-covered altar of Uskayaw.
  4882 | D:6      | Found a snail-covered altar of Cheibriados.
  4945 | D:7      | Noticed a troll
  4958 | D:7      | Killed a troll
  4958 | D:7      | Reached XP level 9. HP: 76/81 MP: 8/8
  4972 | D:7      | Found a shimmering altar of Xom.
  4972 | D:7      | Found an iron altar of Okawaru.
  5036 | D:7      | Noticed a death knight
  5200 | D:7      | Found Toonnoor's Jewellery Shop.
  5260 | D:7      | Reached skill level 8 in Unarmed Combat
  5349 | D:7      | Reached skill level 5 in Dodging
  5352 | D:7      | Reached * piety under Wu Jian
  5657 | D:6      | Gained mutation: You are resistant to electric shocks. (rElec) [mutagenic meat]
  5658 | D:6      | Gained mutation: You have a pair of small horns on your head. [mutagenic meat]
  5659 | D:6      | Gained mutation: Scrolls take you a little longer to read. [mutagenic meat]
  5660 | D:6      | Gained mutation: You have large cloven feet. [mutagenic meat]
  5661 | D:6      | Gained mutation: You are surrounded by a mild repulsion field. (EV +2) [mutagenic meat]
  6213 | D:8      | Noticed Grum
  6217 | D:8      | Found a flagged portal.
  6227 | D:8      | Killed Grum
  6227 | D:8      | Reached skill level 9 in Unarmed Combat
  6276 | Bailey   | Entered a bailey
  6295 | Bailey   | Reached ** piety under Wu Jian
  6467 | Bailey   | Noticed galech's ghost (journeyman TrMo)
  6498 | Bailey   | Reached XP level 10. HP: 91/91 MP: 9/9
  6784 | D:8      | Found a staircase to the Lair.
  6826 | D:8      | Noticed Joseph
  6834 | D:8      | Killed Joseph
  6834 | D:8      | Reached skill level 5 in Shields
  7011 | D:8      | Reached *** piety under Wu Jian
  7499 | D:8      | Reached skill level 10 in Unarmed Combat
  8332 | D:10     | Entered Level 10 of the Dungeon
  8344 | D:10     | Noticed an unseen horror
  8357 | D:10     | Killed an unseen horror
  8357 | D:10     | Reached skill level 11 in Unarmed Combat
  8378 | D:10     | Reached **** piety under Wu Jian
  8429 | D:10     | Reached XP level 11. HP: 98/98 MP: 10/10
  8536 | D:10     | Reached skill level 1 in Armour
  8543 | D:10     | Paralysed by a floating eye for 2 turns
  8548 | D:10     | Paralysed by a floating eye for 4 turns
  8551 | D:10     | Slain by a vampire

Vault maps used:
D:1:      shiori_arrival_oz, corexii_hall_statues_i
D:2:      nicolae_qazlal_general_emergency, nicolae_overflow_crystal_walls,
          minitemple, first_bread, minmay_hexomino_r4
D:3:      lemuel_zombie_altar_yredelemnul
D:4:      kennysheep_little_box
D:5:      kennysheep_six_static_rooms, uniq_prince_ribbit1, uniq_menkaure,
          uniq_grinder
D:6:      kennysheep_mini_moat, temple_statues, serial_shops,
          nicolae_shop_temple_entry_statues_fountains, basic_altar, minmay_holes
D:7:      minmay_blocky_corners, chequers_temple_overflow_statue_of_worship,
          serial_shops, nicolae_shop_statue_plus, minmay_parallelograms
D:8:      wad_river_or_something, lair_entry_dummy, enter_bailey_3, uniq_joseph,
          uniq_grum
D:10:     minmay_separated_statues, grunt_ogre_cave, minivault_20,
          onia_ninara_cookie
Temple:   nicolae_temple_figure_eight
Bailey:   bailey_polearm_gnolls_kennysheep, bailey

Skill      XL: |  1  2  3  4  5  6  7  8  9 10 11 |
---------------+----------------------------------+-----
Dodging        | 3 4 5 6 |  6.3
Unarmed Combat | 3 4 5 6 7 9 11 | 11.0
Shields        | 3 4 6 |  6.0
Throwing       | 1 3 5 6 |  6.0
Fighting       | 3 |  3.8
Stealth        | 1 2 |  2.3
Armour         | 1 |  1.0
Slings         | |  0.2

Action                   |  1- 3 |  4- 6 |  7- 9 | 10-12 || total
-------------------------+-------+-------+-------+-------++-------
Melee: Unarmed           |   123 |   121 |   347 |   290 ||   881
       Kick              |       |       |    34 |    63 ||    97
       Headbutt          |       |       |    20 |    52 ||    72
 Fire: Hunting sling     |       |       |       |     2 ||     2
Throw: Stone             |     7 |    34 |    16 |    13 ||    70
       Tomahawk          |       |     5 |    89 |       ||    94
       Throwing net      |       |       |     3 |     1 ||     4
  Use: Potion            |       |       |     5 |     3 ||     8
       Scroll            |       |       |    13 |     3 ||    16
 Stab: Sleeping          |       |       |     5 |       ||     5
       Held in net/web   |       |       |     1 |       ||     1
  Eat: Chunk             |    17 |    14 |    39 |    26 ||    96
Armor: Robe              |    29 |    30 |    43 |    12 ||   114
       Troll leather arm |       |       |       |    29 ||    29
Dodge: Dodged            |    36 |    43 |   221 |   170 ||   470
Block: Shield            |    52 |    50 |   148 |   120 ||   370
